 Dungeon Crawl Stone Soup version 0.23.2-11-gf996548c65 (webtiles) character file.

Game seed: 13461164295151261561

260 KristianNielsen the Slasher (level 5, -3/41 HPs)
             Began as a Demonspawn Gladiator on June 6, 2019.
             Slain by a hippogriff (4 damage)
             ... on level 3 of the Dungeon.
             The game lasted 00:07:37 (3865 turns).

KristianNielsen the Slasher (Demonspawn Gladiator)  Turns: 3865, Time: 00:07:38

Health: -3/41      AC:  6    Str: 15    XL:     5   Next: 95%
Magic:  5/5        EV: 11    Int:  9    God:
Gold:   146        SH:  4    Dex: 15    Spells: 4/4 levels left

rFire    . . .     SeeInvis .   a - +0 long sword
rCold    + . .     Gourm    .   h - +0 buckler
rNeg     . . .     Faith    .   j - +0 ring mail
rPois    .         Spirit   .   c - +0 helmet
rElec    .         Reflect  .   (no cloak)
rCorr    .         Harm     .   (no gloves)
MR       .....                  (no boots)
Stlth    ++........             k - amulet of the acrobat
HPRegen  0.13/turn              q - ring of protection from cold
MPRegen  0.09/turn              (no ring)

@: lightly drained
A: nightstalker 1
a: no special abilities


You were on level 3 of the Dungeon.
You were not hungry.

You visited 1 branch of the dungeon, and saw 5 of its levels.

You collected 146 gold pieces.

Inventory:

Hand Weapons
 a - a +0 long sword (weapon)
Armour
 c - a +0 helmet (worn)
 h - a +0 buckler (worn)
 j - a +0 ring mail (worn)
Jewellery
 k - an amulet of the acrobat (around neck)
 q - a ring of protection from cold (left hand)
Scrolls
 d - 3 scrolls of identify {unknown}
 e - 6 scrolls of teleportation {unknown}
 g - 3 scrolls of remove curse {unknown}
 m - 2 scrolls of immolation {unknown}
 r - 4 scrolls of random uselessness {unknown}
Potions
 b - 2 potions of curing {unknown}
 i - 4 potions of haste {unknown}
 l - a potion of heal wounds {unknown}
 n - a potion of flight {unknown}
 p - a potion of brilliance {unknown}
 s - a potion of mutation {unknown}
Comestibles
 f - 8 rations
 o - 6 chunks of flesh


   Skills:
 + Level 3.3(2.9) Fighting
 + Level 3.6(3.2) Long Blades
 - Level 2.1(1.8) Throwing
 + Level 1.8(1.5) Armour
 + Level 3.6(3.2) Dodging
 + Level 1.8(1.5) Shields


You had 4 spell levels left.
You didn't know any spells.
Your spell library was empty.

Dungeon Overview and Level Annotations

Branches:
Dungeon (5/15)
 Temple: D:4-7

Altars:
Cheibriados
Gozag
Trog
Uskayaw
Yredelemnul
Zin


Innate Abilities, Weirdness & Mutations

You are slightly more attuned to the shadows.


Message History

* * * LOW HITPOINT WARNING * * *
The hippogriff pecks you but does no damage.
The hippogriff claws you.
* * * LOW HITPOINT WARNING * * *
You barely miss the hippogriff.
The hippogriff is heavily wounded.
The hippogriff bites you.
* * * LOW HITPOINT WARNING * * *
The hippogriff barely misses you. The hippogriff closely misses you.
The hippogriff bites you.
* * * LOW HITPOINT WARNING * * *
The hippogriff pecks you.
* * * LOW HITPOINT WARNING * * *
The hippogriff barely misses you.
You slash the hippogriff!
The hippogriff is severely wounded.
The hippogriff bites you.
* * * LOW HITPOINT WARNING * * *
The hippogriff pecks you.
You die...

....(###........##..###..###.....
.###[)#..####.####...............
## ##...## #.##..........##.....
##.######.##.###.#...........
#.....##.##.####...<.##.....
#####.##....##.##...########
##### #.##.##.#.#.#..## ....#
#.....H..###...#
###.#######.####@..#....#
#.................###.#
#.#######.######### #.# #)# #.#
#.# #)# #.# #.# #.# #.# #.# #.#
#.# #.# ##.# #.# #.#
##.(#######.# #.#


You could see a hippogriff.

Vanquished Creatures
  A howler monkey (D:4)
  A hound (D:4)
  An orc priest (D:3)
  2 gnolls
  3 adders
  2 oozes
  4 dart slugs
  A leopard gecko (D:3)
  7 orcs
  5 ball pythons
  5 bats
  7 giant cockroaches
  11 goblins
  7 hobgoblins
  11 jackals
  2 quokkas
  3 frilled lizards
  8 kobolds
  8 rats
89 creatures vanquished.

Notes
Turn   | Place    | Note
-------+----------+-------------------------------------------
     0 | D:1      | KristianNielsen the Demonspawn Gladiator began the quest
                  | for the Orb.
     0 | D:1      | Reached XP level 1. HP: 16/16 MP: 1/1
    76 | D:1      | Gained mutation: You are slightly more attuned to the
                  | shadows. [demonic ancestry]
    76 | D:1      | Reached XP level 2. HP: 17/22 MP: 2/2
   593 | D:1      | You fall through a shaft!
   602 | D:2      | Found an opulent altar of Gozag.
   747 | D:2      | Reached XP level 3. HP: 16/28 MP: 3/3
  1164 | D:2      | Found a bloodstained altar of Trog.
  1168 | D:2      | Found a glowing silver altar of Zin.
  1170 | D:2      | Found a basalt altar of Yredelemnul.
  1171 | D:2      | Found a hide-covered altar of Uskayaw.
  1174 | D:2      | Found a faded altar of an unknown god.
  1960 | D:3      | Reached XP level 4. HP: 34/34 MP: 4/4
  1968 | D:3      | Reached skill level 1 in Armour
  1968 | D:3      | Reached skill level 1 in Shields
  2435 | D:3      | Reached XP level 5. HP: 18/40 MP: 5/5
  2852 | D:3      | Found a snail-covered altar of Cheibriados.
  3194 | D:5      | Entered Level 5 of the Dungeon
  3847 | D:4      | Noticed a hippogriff
  3865 | D:3      | HP: 1/41 [hippogriff (2)]
  3865 | D:3      | Slain by a hippogriff

Skill      XL: |  1  2  3  4  5 |
---------------+----------------+-----
Throwing       | 2 |  2.1
Long Blades    | 3 |  3.6
Dodging        | 3 |  3.6
Armour         | 1 |  1.8
Shields        | 1 |  1.8
Fighting       | 3 |  3.3

Action                   |  1- 3 |  4- 6 || total
-------------------------+-------+-------++-------
Melee: Long sword        |   142 |   136 ||   278
 Stab: Sleeping          |     6 |     3 ||     9
  Eat: Chunk             |     4 |     6 ||    10
Armor: Leather armour    |    26 |       ||    26
       Ring mail         |    44 |    59 ||   103
Dodge: Dodged            |    68 |   110 ||   178
Block: Buckler           |    12 |    32 ||    44
       Rpst.: Long sword |    18 |    33 ||    51
